 Dungeon Crawl Stone Soup version 0.25-a0-44-g29a1220a87 (webtiles) character file.

Game seed: 18032794832014541457, levelgen mode: deterministic

256 iamserjio the Skirmisher (level 6, -2/46 HPs)
             Began as an Octopode Chaos Knight on Oct 25, 2019.
             Was a Plaything of Xom.
             Blown up by an orc (30 damage)
             ... with a disintegration bolt
             ... on level 4 of the Dungeon.
             The game lasted 00:04:18 (2959 turns).

iamserjio the Skirmisher (Octopode Chaos Knight)    Turns: 2959, Time: 00:04:19

Health: -2/46      AC:  1    Str: 12    XL:     6   Next: 15%
Magic:  6/6        EV: 15    Int: 14    God:    Xom [...*..]
Gold:   147        SH:  0    Dex: 13    Spells: 5/5 levels left

rFire    . . .     SeeInvis .   a - +1 short sword (chaos)
rCold    . . .     Gourm    .   (no shield)
rNeg     . . .     Faith    .   (helmet restricted)
rPois    .         Spirit   .   (no amulet)
rElec    .         Reflect  .   j - ring of stealth
rCorr    .         Harm     .   n - ring of teleportation (curse) {@r3}
MR       .....     Rnd*Tele +   (no ring)
Stlth    +++.......             (no ring)
HPRegen  0.15/turn              (no ring)
MPRegen  0.10/turn              (no ring)
                                (no ring)
                                (no ring)

@: no status effects
A: almost no armour, stealthy swim, amphibious, 8 rings, constrict 8, camouflage
1, deterioration 1, high mp 1, gelatinous body 1
a: Renounce Religion


You were on level 4 of the Dungeon.
You worshipped Xom.
You were a favourite toy of Xom.
You were not hungry.

You visited 1 branch of the dungeon, and saw 4 of its levels.

You collected 147 gold pieces.

Inventory:

Hand Weapons
 a - a +1 short sword of chaos (weapon)
 r - a +2 quarterstaff of chaos
Missiles
 d - 21 sling bullets
 f - 100 stones (quivered)
 p - 17 poisoned darts
Jewellery
 j - a ring of stealth (left tentacle)
 n - a cursed ring of teleportation (right tentacle) {@r3}
Wands
 g - a wand of digging (3)
Scrolls
 e - a scroll of blinking
 i - a scroll of amnesia {unknown}
Potions
 h - a potion of cancellation {unknown}
 k - a potion of magic {unknown}
 l - 2 potions of degeneration {unknown}
 o - 3 potions of might {unknown}
 q - a potion of haste {unknown}
Comestibles
 b - 3 rations
 c - a chunk of flesh


   Skills:
 * Level 5.7 Fighting
 - Level 3.0 Short Blades
 + Level 4.1 Dodging


You had 5 spell levels left.
You didn't know any spells.
Your spell library was empty.

Dungeon Overview and Level Annotations

Branches:
Dungeon (4/15)
 Temple: D:4-7

Altars:
Gozag
Hepliaklqana
Kikubaaqudgha
Nemelex Xobeh
Okawaru
Sif Muna
Wu Jian
Xom
Zin
The Shining One


Innate Abilities, Weirdness & Mutations

You cannot wear most types of armour.
You are very stealthy in the water. (Stealth+)
You are amphibious.
You can wear up to eight rings at the same time.
You can use your tentacles to constrict eight enemies at once.
Your skin changes colour to match your surroundings (Stealth+).
Your rubbery body absorbs attacks. (AC +1, EV +1)
Your body sometimes deteriorates upon taking damage.
You have an increased reservoir of magic. (+10% MP)


Message History

You constrict the orc, but do no damage.
The giant cockroach closely misses you. The orc hits you with a +0 trident.
The giant cockroach misses you.
You hit the giant cockroach. You burn the giant cockroach.
You kill the giant cockroach!
You constrict the orc, but do no damage.
The orc completely misses you.
You hit the orc.
You constrict the orc, but do no damage.
An adder skeleton comes into view.
The orc zaps a wand.
You are blasted!
Xom is highly amused!
You hit the orc but do no damage. Your squeeze misses the orc.
You constrict the orc, but do no damage.
The orc zaps a wand.
You are blasted!
Ouch! That really hurt!
You die...
Xom guffaws!

. ##.
#..........
#.##..
#.#########
......####.#
#.......#
#....####
#.##..##
#.§§##
#.##†§####
o.# #@§§..#
.o..
#o####.#
#... .a# ..
#.###.. ##
.. #.Z #..#
.... ..#


You could see a worker ant, an orc and an adder skeleton.

Vanquished Creatures
  A vampire bat (D:2)
  Crazy Yiuf (D:3)
  An orc wizard (D:4)
  A worker ant (D:4)
  3 adders
  2 oozes (D:2)
  4 worms (D:2)
  2 dart slugs
  4 leopard geckos
  6 orcs
  3 bats
  3 bat skeletons (D:2)
  2 bat zombies (D:2)
  5 giant cockroaches
  5 goblins
  5 hobgoblins
  7 jackals
  6 kobolds
  A ball python (D:1)
  8 frilled lizards
  10 rats
80 creatures vanquished.

Notes
Turn   | Place    | Note
-------+----------+-------------------------------------------
     0 | D:1      | iamserjio the Octopode Chaos Knight began the quest for the
                  | Orb.
     0 | D:1      | Reached XP level 1. HP: 16/16 MP: 1/1
    78 | D:1      | Reached XP level 2. HP: 20/21 MP: 2/2
   501 | D:1      | Reached XP level 3. HP: 27/27 MP: 3/3
   647 | D:2      | Reached skill level 4 in Fighting
   723 | D:2      | XOM: butterfly on damage
   726 | D:2      | Found a hazy altar of Hepliaklqana.
  1050 | D:2      | Reached XP level 4. HP: 33/33 MP: 4/4
  1134 | D:2      | Found an ornate altar of the Wu Jian Council.
  1264 | D:2      | XOM: harmless Summ miscast
  1465 | D:2      | XOM: god gift: falchion {god gift}
  1578 | D:2      | Found an ancient bone altar of Kikubaaqudgha.
  1584 | D:2      | Reached XP level 5. HP: 34/38 MP: 5/5
  1777 | D:3      | XOM: give mutations
  1777 | D:3      | Gained mutation: Your body sometimes deteriorates upon
                  | taking damage. [Xom's mischief]
  1777 | D:3      | Gained mutation: You have an increased reservoir of magic.
                  | (+10% MP) [Xom's mischief]
  1777 | D:3      | Gained mutation: You are clumsy. (Dex -2) [Xom's mischief]
  1777 | D:3      | Lost mutation: You are clumsy. (Dex -2) [Xom's mischief]
  1834 | D:3      | Found a runed translucent door.
  1835 | D:3      | Noticed Crazy Yiuf
  1943 | D:3      | XOM: smoke on damage
  1957 | D:3      | Reached skill level 5 in Fighting
  2202 | D:3      | XOM: polymorph orc -> jackal
  2233 | D:3      | Found a glowing silver altar of Zin.
  2236 | D:3      | Found an iron altar of Okawaru.
  2239 | D:3      | Found a glowing golden altar of the Shining One.
  2574 | D:3      | Killed Crazy Yiuf
  2720 | D:4      | Found a sparkling altar of Nemelex Xobeh.
  2720 | D:4      | Found a shimmering blue altar of Sif Muna.
  2720 | D:4      | Found an opulent altar of Gozag.
  2801 | D:4      | XOM: scenery: create altars
  2946 | D:4      | XOM: smoke on damage
  2947 | D:4      | Reached XP level 6. HP: 28/45 MP: 6/6
  2959 | D:4      | Blown up by an orc

Levels and vault maps discovered:
D:1:      psy_arrival_terrarium, layout_basic, minmay_curled_crystal,
          kennysheep_nondescript
D:2:      layout_loops_ring, kennysheep_vampire_church,
          nicolae_overflow_crystal_walls, overflow_temple_1_default
D:3:      layout_loops_ring, grunt_temple_overflow_diamond,
          uniq_crazy_yiuf_cottage
D:4:      layout_loops_ring, chequers_temple_overflow_statue_of_worship,
          serial_shops, nicolae_shop_behind_doors, minmay_vboxes

Skill      XL: |  1  2  3  4  5 |
---------------+----------------+-----
Fighting       | 4 5 |  5.7
Dodging        | 3 4 |  4.1
Short Blades   | |  3.0

Action                   |  1- 3 |  4- 6 || total
-------------------------+-------+-------++-------
Melee: Short sword       |    82 |    80 ||   162
       Constrict         |    15 |    17 ||    32
       Tentacles         |    14 |    20 ||    34
  Use: Scroll            |       |     4 ||     4
 Stab: Sleeping          |    15 |    14 ||    29
  Eat: Chunk             |       |     6 ||     6
Armor: Skin              |     3 |     5 ||     8
Dodge: Dodged            |    38 |    47 ||    85

Table legend:
 A = Non-vault XP
 B = Vault XP
 C = Vault XP percentage of total XP
 D = Non-vault monster count
 E = Vault monster count
 F = Vault count percentage of total count
                 A         B        C        D         E       F
            +---------+---------+-------+---------+---------+-------
      Total |     225 |     141 |  38.5 |      72 |       8 |  10.0
            +---------+---------+-------+---------+---------+-------
        D:1 |      37 |       0 |   0.0 |      23 |       0 |   0.0
        D:2 |      65 |      67 |  50.8 |      24 |       6 |  20.0
        D:3 |      52 |      40 |  43.5 |      20 |       1 |   4.8
        D:4 |      71 |      34 |  32.4 |       5 |       1 |  16.7
            +---------+---------+-------+---------+---------+-------
